 Dungeon Crawl Stone Soup version 0.19.4 (webtiles) character file.

36 Jerry the Shield-Bearer (level 3, -1/29 HPs)
             Began as a Formicid Fighter on Feb 4, 2017.
             Slain by a gnoll
             ... wielding a +0 spear
              (6 damage)
             ... on level 2 of the Dungeon.
             The game lasted 00:01:29 (1246 turns).

Jerry the Shield-Bearer (Formicid Fighter)          Turns: 1246, Time: 00:01:29

Health: -1/29      AC:  7    Str: 23    XL:     3   Next: 57%
Magic:  3/3        EV:  4    Int:  8    God:
Gold:   32         SH:  0    Dex: 10    Spells: 0 memorised, 2 levels left

rFire  . . .     SeeInvis +     a - +0 war axe
rCold  . . .     Gourm    .     b - +0 scale mail
rNeg   . . .     Faith    .     c - +0 shield
rPois  .         Spirit   .     (helmet unavailable)
rElec  .         Reflect  .     (no cloak)
rCorr  .         Harm     .     (no gloves)
MR     .....                    (no boots)
Stlth  ..........               (no amulet)
                                (no ring)
                                k - +3 ring of strength

@: held
A: permanent stasis, dig shafts and tunnels, four strong arms, antennae 3
a: Dig, Shaft Self


You were on level 2 of the Dungeon.
You were not hungry.

You visited 1 branch of the dungeon, and saw 2 of its levels.

You collected 32 gold pieces.

Inventory:

Hand Weapons
 a - a +0 war axe (weapon)
Armour
 b - a +0 scale mail (worn)
 c - a +0 shield (worn)
Jewellery
 k - a +3 ring of strength (left hand)
Scrolls
 e - 2 scrolls of fog {unknown}
 h - 2 scrolls of teleportation {unknown}
 j - 4 scrolls of remove curse {unknown}
Potions
 d - a potion of might
 i - a potion of mutation {unknown}
 l - a potion of invisibility {unknown}
Books
 n - a book of Power

   Spells                             Type                      Level
   a - Fulminant Prism                Conjuration/Hexes            4
   b - Iskenderun's Mystic Blast      Conjuration                  4
   c - Venom Bolt                     Conjuration/Poison           5
   d - Bolt of Magma                  Conjuration/Fire/Earth       5
   e - Iron Shot                      Conjuration/Earth            6
   f - Orb of Destruction             Conjuration                  7
   g - Spellforged Servitor           Conjuration/Summoning        7
Comestibles
 f - 4 bread rations
 g - a meat ration
 m - a chunk of flesh


   Skills:
 - Level 3.2 Fighting
 + Level 2.7 Axes
 + Level 3.8 Armour
 + Level 4.1 Shields


You had 2 spell levels left.
You didn't know any spells.

Dungeon Overview and Level Annotations

Branches:
Dungeon (2/15)

Altars:


Innate Abilities, Weirdness & Mutations

You are under a permanent stasis effect.
You can dig through walls and to a lower floor.
Your four strong arms can wield two-handed weapons with a shield.
You have a pair of large antennae on your head. (SInv)


Message History

You barely miss the gnoll. You block the gnoll's attack.
You barely miss the gnoll. The gnoll hits you but does no damage.
The gnoll hits you with a whip.
You barely miss the gnoll. You hit the gnoll. The gnoll hits you with a whip.
The gnoll hits you with a club. The gnoll barely misses you.
You hit the gnoll.
The gnoll is heavily wounded.
You hit the gnoll but do no damage. You block the gnoll's attack.
The gnoll hits you from afar with a spear.
You block the gnoll's attack.
A kobold comes into view. It is wielding a short sword.
You block the gnoll's attack.
The gnoll throws a throwing net.
The throwing net hits you.
You become entangled in the net!
You see here a throwing net.
You struggle against the net.
The gnoll hits you with a whip!
* * * LOW HITPOINT WARNING * * *
You struggle against the net.
The gnoll hits you from afar with a spear.
You die...

.# #......# ##.## .#
#......##.... ..# .#
#......##...###.# .#
#.......+.....#.#
.#####......##...#.#.#
.#...........+>..#.#.#
##.###.......#...#.#.#####..
....[..............#.....K>.
.#.########..#..@g.........#
...#.............gg.........
.###.#....####.###########.#
## #.#....# #... ####.#....#
#.##.. ...#.#....###### ##
##............ {
#...........#{ #........##.#


You could see 3 gnolls.

Vanquished Creatures
  An ooze (D:1)
  A worm (D:2)
  A dart slug (D:1)
  2 leopard geckos (D:2)
  3 giant cockroaches (D:1)
  A goblin (D:1)
  A hobgoblin (D:1)
  4 jackals (D:1)
  2 kobolds (D:1)
  A quokka (D:2)
  A ball python (D:1)
  2 bats (D:2)
  A frilled lizard (D:2)
  2 rats
23 creatures vanquished.

Notes
Turn   | Place    | Note
-------+----------+-------------------------------------------
     0 | D:1      | Jerry the Formicid Fighter began the quest for the Orb.
     0 | D:1      | Reached XP level 1. HP: 18/18 MP: 1/1
    32 | D:1      | Reached XP level 2. HP: 16/24 MP: 2/2
   573 | D:1      | Reached skill level 4 in Shields
   573 | D:1      | Reached XP level 3. HP: 26/29 MP: 3/3
  1246 | D:2      | Slain by a gnoll

Skill      XL: |  1  2 |
---------------+-------+-----
Shields        | 4 |  4.1
Fighting       | |  3.2
Axes           | |  2.7
Armour         | |  3.8

Action                   || total
-------------------------++-------
Melee: War axe           ||    87
  Eat: Chunk             ||     1
Armor: Scale mail        ||    43
Dodge: Dodged            ||    29
Block: Shield            ||    58
